 Dungeon Crawl Stone Soup version 0.20.1-1-g8b1a95d (webtiles) character file.

98 Ejeck the Shield-Bearer (level 4, -8/40 HPs)
             Began as a Minotaur Fighter on Aug 2, 2017.
             Killed from afar by McKennaii's ghost (11 damage)
             ... with a zap
             ... on level 3 of the Dungeon.
             The game lasted 00:08:01 (2009 turns).

Ejeck the Shield-Bearer (Minotaur Fighter)          Turns: 2009, Time: 00:08:02

Health: -8/40      AC:  7    Str: 21    XL:     4   Next: 44%
Magic:  0/3        EV:  8    Int:  5    God:
Gold:   125        SH:  9    Dex: 10    Spells: 3/3 levels left

rFire    . . .     SeeInvis .   a - +0 long sword
rCold    . . .     Gourm    .   c - +0 shield
rNeg     . . .     Faith    .   b - +0 scale mail
rPois    .         Spirit   +   (helmet restricted)
rElec    .         Reflect  .   (no cloak)
rCorr    .         Harm     .   (no gloves)
MR       .....                  (no boots)
Stlth    ..........             i - amulet of guardian spirit
Regen    0.2/turn               (no ring)
MPRegen  0.1/turn               (no ring)

@: no status effects
A: retaliatory headbutt, horns 2
a: no special abilities


You were on level 3 of the Dungeon.
You were not hungry.

You visited 1 branch of the dungeon, and saw 3 of its levels.

You collected 125 gold pieces.

Inventory:

Hand Weapons
 a - a +0 long sword (weapon)
Armour
 b - a +0 scale mail (worn)
 c - a +0 shield (worn)
 l - a cursed +0 plate armour
Jewellery
 i - an amulet of guardian spirit (around neck)
Scrolls
 k - a scroll of fog
 m - a scroll of magic mapping {unknown}
Potions
 d - a potion of might
 e - 2 potions of curing {unknown}
Comestibles
 f - a bread ration
 g - a royal jelly
 h - 6 fruits
 j - 2 meat rations


   Skills:
 + Level 4.0 Fighting
 * Level 3.7 Long Blades
 + Level 4.3 Armour
 + Level 0.9 Dodging
 + Level 4.6 Shields


You had 3 spell levels left.
You didn't know any spells.

Dungeon Overview and Level Annotations

Branches:
Dungeon (3/15)

Altars:

Annotations:
D:3 McKennaii's ghost, novice TeAE; Robin


Innate Abilities, Weirdness & Mutations

You reflexively headbutt those who attack you in melee.
You have a pair of horns on your head.


Message History

The goblin unwields an uncursed hunting sling.
The goblin wields an uncursed dagger.
The goblin hits you but does no damage. The goblin hits you but does no damage.
You block the rat's attack.
The goblin shouts!
You hit the rat.
You kill the rat!
The goblin hits you but does no damage.
The frilled lizard bites you but does no damage.
You block the goblin's attack. You block the ooze's attack.
Robin throws the goblin at you!
The goblin unwields an uncursed dagger.
The goblin wields an uncursed hunting sling.
The goblin shoots a stone.
The stone barely misses you.
You see here a stone.
McKennaii's ghost casts a spell at you.
The zap hits the goblin.
The goblin dies!
The zap hits you!
You die...

#.# #.# ....#... ##..... #..# #.#
#....# ##...... .. #..###.##
#....#### #....... ...
#..##..###.#.....###....<..
...####............#.#...#.......
.............###.###.###.........
.................# #.####........
.............#######.............
..<....>..gg###l@................
......†)†...#g).########.........
#....g.....gJ.### .........<.....
.....†......W## ...............
g##g.........# .[.............
............# ...............
##....=.......# ...............
................ ..........#####
###.............. ..........#####


You could see Robin, McKennaii's ghost, an ooze, a hobgoblin and a frilled
lizard.

Vanquished Creatures
  3 adders (D:2)
  An ooze (D:1)
  2 worms (D:2)
  A dart slug (D:2)
  3 giant cockroaches
  9 goblins
  6 hobgoblins
  5 jackals
  A quokka (D:3)
  A ball python (D:3)
  8 bats
  3 frilled lizards
  7 kobolds
  9 rats
59 creatures vanquished.

Vanquished Creatures (others)
  A draconian (D:1)
  2 octopodes (D:1)
  A vine stalker (D:1)
  An elf (D:1)
  2 trolls (D:1)
  A naga (D:1)
  An ogre (D:1)
  A dwarf (D:1)
  A centaur (D:1)
  A bat (D:3)
  2 goblins (D:3)
  2 kobolds (D:1)
  9 tentacles (D:1)
25 creatures vanquished.

Grand Total: 84 creatures vanquished

Notes
Turn   | Place    | Note
-------+----------+-------------------------------------------
     0 | D:1      | Ejeck the Minotaur Fighter began the quest for the Orb.
     0 | D:1      | Reached XP level 1. HP: 19/19 MP: 0/0
     0 | D:1      | Noticed an octopode
     0 | D:1      | Noticed a dwarf
     0 | D:1      | Noticed an elf
     0 | D:1      | Noticed a troll
     0 | D:1      | Noticed a vine stalker
     0 | D:1      | Noticed a kraken
     0 | D:1      | Noticed a draconian
     0 | D:1      | Noticed a centaur
     0 | D:1      | Noticed an ogre
     0 | D:1      | Noticed a troll
     0 | D:1      | Noticed an octopode
     0 | D:1      | Noticed a naga
     3 | D:1      | Killed a centaur
     4 | D:1      | Killed a vine stalker
     6 | D:1      | Killed an octopode
     7 | D:1      | Killed an ogre
     7 | D:1      | Killed an octopode
     8 | D:1      | Killed a dwarf
     8 | D:1      | Killed a troll
     9 | D:1      | Killed a draconian
     9 | D:1      | Killed a naga
    10 | D:1      | Killed a troll
    11 | D:1      | Killed an elf
   429 | D:1      | Reached XP level 2. HP: 27/27 MP: 1/1
  1081 | D:2      | Reached XP level 3. HP: 26/33 MP: 2/2
  1347 | D:2      | Found a faded altar of an unknown god.
  1392 | D:2      | Reached XP level 4. HP: 34/40 MP: 3/3
  1990 | D:3      | Noticed McKennaii's ghost (novice TeAE)
  1995 | D:3      | Noticed Robin
  2001 | D:3      | HP: 2/40 [frilled lizard (1)]
  2009 | D:3      | Killed from afar by McKennaii's ghost

Skill      XL: |  1  2  3 |
---------------+----------+-----
Armour         | 4 |  4.3
Shields        | 4 |  4.6
Fighting       | 4 |  4.0
Long Blades    | 3 |  3.7
Dodging        | |  0.9

Action                   |  1- 3 |  4- 6 || total
-------------------------+-------+-------++-------
Melee: Long sword        |    65 |    46 ||   111
       Headbutt          |     9 |     6 ||    15
  Use: Scroll            |     4 |       ||     4
  Eat: Meat ration       |     1 |       ||     1
Armor: Scale mail        |    26 |    53 ||    79
Dodge: Dodged            |    26 |    34 ||    60
Block: Shield            |    39 |    66 ||   105
       Rpst.: Long sword |     5 |     8 ||    13
